 Dungeon Crawl Stone Soup version 0.16-a0-3458-g6d2551d (webtiles) character file.

39 Minkie the Skirmisher (level 3, -2/29 HPs)
             Began as a Demonspawn Fighter on Jan 1, 2015.
             Slain by Weusum the naga
             ... wielding a +6 halberd of venom
             ... created by the player character
              (10 damage)
             ... on level 2 of the Dungeon.
             The game lasted 00:05:05 (1351 turns).

Minkie the Skirmisher (Demonspawn Fighter)          Turns: 1351, Time: 00:05:05

Health: -2/29      AC:  6    Str: 17    XL:     3   Next: 28%
Magic:  3/3        EV:  6    Int:  9    God:
Gold:   61         SH:  8    Dex: 12    Spells: 0 memorised, 2 levels left

rFire  . . .     SeeInvis .     a - +0 trident
rCold  . . .     Clarity  .     b - +0 scale mail
rNeg   . . .     SustAb   .     c - +0 shield
rPois  .         Gourm    .     (helmet restricted)
rElec  .         Spirit   .     (no cloak)
rCorr  .         Warding  .     (no gloves)
rMut   .         Stasis   .     (no boots)
MR     .....                    (no amulet)
Stlth  ..........               (no ring)
                                (no ring)

@: lethally poisoned, not resistant to hostile enchantments, extremely
unstealthy
A: antennae 1
a: no special abilities


You were on level 2 of the Dungeon.
You were hungry.

You visited 1 branch of the dungeon, and saw 2 of its levels.

You collected 61 gold pieces.

Inventory:

Hand weapons
 a - a +0 trident (weapon)
Armour
 b - a +0 scale mail (worn)
 c - a +0 shield (worn)
Scrolls
 f - a scroll of identify {unknown}
 g - 2 scrolls of random uselessness {unknown}
 i - a scroll of noise {unknown}
 m - 5 scrolls of remove curse {unknown}
 p - a scroll of enchant weapon {unknown}
Potions
 e - a potion of might
 h - a potion of haste {unknown}
 k - a potion of cure mutation {unknown}
Miscellaneous
 q - a plain deck of changes {drawn: 3}
Comestibles
 d - a bread ration
 j - a beef jerky
 l - a meat ration
 n - a slice of pizza
 o - 4 chunks of flesh


   Skills:
 + Level 3.4 Fighting
 * Level 2.5 Polearms
 + Level 2.9 Armour
 + Level 2.9 Shields


You had 2 spell levels left.
You didn't know any spells.

Dungeon Overview and Level Annotations

Branches:
Dungeon (2/15)

Altars:
Nemelex Xobeh


Innate Abilities, Weirdness & Mutations

You have a pair of small antennae on your head.


Message History

Weusum spits poison at you. The splash of poison hits you!
You are more poisoned.
Attack whom?
Press: ? - help, Dir - move target cursor, f/p - Weusum
Aim: Weusum the naga, wielding a halberd of venom (heavily wounded, catching its breath, durably summoned)
You reach to attack!
You hit Weusum but do no damage.
Weusum is heavily wounded.
You feel sick.
Weusum hits you from afar with a halberd of venom!
Ouch! That really hurt!
You are lethally poisoned!
Attack whom?
Press: ? - help, Dir - move target cursor, f/p - Weusum
Aim: Weusum the naga, wielding a halberd of venom (heavily wounded, catching its breath, durably summoned)
You reach to attack!
You puncture Weusum!
Weusum is severely wounded.
* * * LOW HITPOINT WARNING * * *
You feel very sick.
Weusum hits you from afar with a halberd of venom!
You die...

#....# .. ..##
#....# ... .
#....#########...
##
##+##).........#
.# #..'........).#
.# ####..........#
# .#
###.......N..#....
.#
#.###'###.........
########.###.#
#@........
.............#
#.........
#############
#........
+........
#........ #.......
#...... #.....
############..


You could see Weusum the naga.

Vanquished Creatures
  An adder (D:2)
  A worm (D:2)
  A giant gecko (D:1)
  3 goblins
  4 hobgoblins
  2 jackals (D:2)
  2 bats (D:1)
  2 giant cockroaches
  A giant newt (D:1)
  2 kobolds (D:1)
  5 rats
24 creatures vanquished.

Notes
Turn   | Place    | Note
--------------------------------------------------------------
     0 | D:1      | Minkie, the Demonspawn Fighter, began the quest for the Orb.
     0 | D:1      | Reached XP level 1. HP: 18/18 MP: 1/1
   323 | D:1      | Gained mutation: You have a pair of small antennae on your head. [demonic ancestry]
   323 | D:1      | Reached XP level 2. HP: 24/24 MP: 2/2
   777 | D:2      | HP: 1/24 [gnoll/halberd (4)]
  1269 | D:2      | Reached XP level 3. HP: 29/29 MP: 3/3
  1279 | D:2      | Found a sparkling altar of Nemelex Xobeh.
  1346 | D:2      | Noticed Weusum
  1351 | D:2      | Slain by Weusum the naga

Action                   || total
-------------------------++-------
Melee: Trident           ||    99
Evoke: Deck              ||     3
  Eat: Chunk             ||     1
